 Dungeon Crawl Stone Soup version 0.25-a0-1133-g93ebf739aa (webtiles) character file.

Game seed: 5626031453532776317, levelgen mode: deterministic

11 vurker the Chucker (level 2, -1/31 HPs)
             Began as an Ogre Hunter on May 21, 2020.
             Slain by a leopard gecko (2 damage)
             ... on level 1 of the Dungeon.
             The game lasted 00:01:02 (105 turns).

vurker the Chucker (Ogre Hunter)                     Turns: 105, Time: 00:01:02

Health: -1/31      AC:  3    Str: 15    XL:     2   Next: 25%
Magic:  2/2        EV: 10    Int: 12    God:
Gold:   14         SH:  0    Dex:  9    Spells: 1/1 levels left

rFire    . . .     SeeInvis .   a - +0 club
rCold    . . .     Gourm    .   (no shield)
rNeg     . . .     Faith    .   b - +0 robe
rPois    .         Spirit   .   (helmet restricted)
rElec    .         Reflect  .   (no cloak)
rCorr    .         Harm     .   (gloves unavailable)
MR       .....                  (boots unavailable)
Stlth    +.........             (no amulet)
HPRegen  0.10/turn              (no ring)
MPRegen  0.08/turn              (no ring)

@: no status effects
A: large, unfitting armour, tough skin 1
a: no special abilities


You were on level 1 of the Dungeon.
You were not hungry.

You visited 1 branch of the dungeon, and saw 1 of its levels.

You collected 14 gold pieces.

Inventory:

Hand Weapons
 a - a +0 club (weapon)
   (You took it off a goblin on level 1 of the Dungeon)
Armour
 b - a +0 robe (worn)
Scrolls
 g - a scroll of identify {unknown}
Comestibles
 e - a ration
 f - 4 chunks of flesh


   Skills:
 + Level 3.1 Fighting
 * Level 0.9 Maces & Flails
 + Level 4.1 Throwing
 - Level 1.7 Dodging
 - Level 0.6 Stealth


You had one spell level left.
You didn't know any spells.
Your spell library was empty.

Dungeon Overview and Level Annotations

Branches:
Dungeon (1/15)

Altars:


Innate Abilities, Weirdness & Mutations

You are too large for most types of armour.
You have tough skin. (AC +1)


Message History

The jackal bites you.
* * * LOW HITPOINT WARNING * * *
You aren't carrying any potions.
Quiver which item? (- for none, * to show all) (? for menu, Esc to quit)
Quivering
c - 5 large rocks for throwing.
Throwing (i - inventory. (/) - cycle)
c - 5 large rocks (quivered)
Aim: a jackal You throw a large rock.
The large rock completely misses the jackal.
You hear an angry hiss.
The jackal barely misses you.
A leopard gecko comes into view.
The jackal bites you.
* * * LOW HITPOINT WARNING * * *
Throwing (i - inventory. (/) - cycle)
c - 4 large rocks (quivered)
Aim: a jackal You throw a large rock.
The large rock closely misses the jackal.
The leopard gecko hisses angrily.
The jackal bites you.
* * * LOW HITPOINT WARNING * * *
The jackal misses you.
The jackal bites you but does no damage.
Throwing (i - inventory. (/) - cycle)
c - 3 large rocks (quivered)
Aim: a jackal You throw a large rock.
The large rock closely misses the jackal.
The large rock misses the leopard gecko.
The jackal barely misses you.
The jackal bites you but does no damage.
Throwing (i - inventory. (/) - cycle)
c - 2 large rocks (quivered)
Aim: a jackal You throw a large rock.
The large rock hits the jackal!
You kill the jackal!
The leopard gecko bites you.
* * * LOW HITPOINT WARNING * * *
Throwing (i - inventory. (/) - cycle)
c - a large rock (quivered)
Aim: a leopard gecko You throw a large rock.
The large rock misses the leopard gecko.
The leopard gecko bites you.
* * * LOW HITPOINT WARNING * * *
The leopard gecko closely misses you.
Throwing (i - inventory)
d - a throwing net (quivered)
Aim: a leopard gecko You throw a throwing net.
The throwing net barely misses the leopard gecko.
The leopard gecko closely misses you.
You closely miss the leopard gecko. The leopard gecko bites you.
You die...

#.. ##.. ...# #..#
# ##..#.# #(....#
#.%...# #l##..#
##@# ..# ##..# .#
# #...# .. #.
#.#.# .. ###
.####.#.# .
##8##### ..##.#.#
..>....# #.##.#.#
##8###.# #.##.#.#
#####..####).[.#.#


You could see a leopard gecko.

Vanquished Creatures
  3 goblins (D:1)
  A hobgoblin (D:1)
  4 jackals (D:1)
8 creatures vanquished.

Notes
Turn   | Place    | Note
-------+----------+-------------------------------------------
     0 | D:1      | vurker the Ogre Hunter began the quest for the Orb.
     0 | D:1      | Reached XP level 1. HP: 22/22 MP: 1/1
    63 | D:1      | Reached XP level 2. HP: 12/31 MP: 2/2
   103 | D:1      | HP: 1/31 [leopard gecko (1)]
   105 | D:1      | Slain by a leopard gecko

Illustrated notes

Levels and vault maps discovered:
D:1:      lemuel_arrival_cross, layout_rooms, hex_tiny

Skill      XL: |  1 |
---------------+----+-----
Fighting       | 3 |  3.1
Maces & Flails | |  0.9
Throwing       | |  4.1
Dodging        | |  1.7
Stealth        | |  0.6

Action                   || total
-------------------------++-------
Melee: Club              ||    36
       Short sword       ||     1
Throw: Large rock        ||     5
       Throwing net      ||     2
Armor: Robe              ||    17
Dodge: Dodged            ||    33

Table legend:
 A = Non-vault XP
 B = Vault XP
 C = Vault XP percentage of total XP
 D = Non-vault monster count
 E = Vault monster count
 F = Vault count percentage of total count
                 A         B        C        D         E       F
            +---------+---------+-------+---------+---------+-------
      Total |      16 |       0 |   0.0 |       8 |       0 |   0.0
            +---------+---------+-------+---------+---------+-------
        D:1 |      16 |       0 |   0.0 |       8 |       0 |   0.0
            +---------+---------+-------+---------+---------+-------
